 Dungeon Crawl Stone Soup version 0.25-a0-294-gea9b1ad378 (webtiles) character file.

Game seed: 13264965145029392059, levelgen mode: deterministic

5810 Lanoc the Tainter (level 10, 0/69 HPs)
             Began as a Green Draconian Venom Mage on Dec 17, 2019.
             Was a Believer of Qazlal.
             Slain by an ogre
             ... wielding a +0 giant club
              (7 damage)
             ... on level 10 of the Dungeon.
             The game lasted 00:33:35 (10385 turns).

Lanoc the Tainter (Green Draconian Venom Mage)     Turns: 10385, Time: 00:33:35

Health: 0/69       AC: 10    Str: 10    XL:     10   Next: 50%
Magic:  10/13      EV: 16    Int: 18    God:    Qazlal [**....]
Gold:   534        SH:  3    Dex: 11    Spells: 1/13 levels left

rFire    + . .     SeeInvis .   d - +0 hunting sling
rCold    . . .     Gourm    .   (no shield)
rNeg     . . .     Faith    .   (armour unavailable)
rPois    +         Spirit   .   (helmet restricted)
rElec    .         Reflect  .   u - +0 cloak of Democracy {rF+ Str-2 Stlth+}
rCorr    .         Harm     .   (no gloves)
MR       .....     Rnd*Tele +   A - +1 pair of boots {Stlth+}
Stlth    +++.......             B - amulet of the acrobat
HPRegen  0.21/turn              z - ring of teleportation (curse)
MPRegen  0.13/turn              x - +2 ring of intelligence

@: marked, slowed, very slow
A: breathe noxious fumes, unfitting armour, dopey 1, poison resistance,
cold-blooded, AC +7
a: Breathe Noxious Fumes, Upheaval, Renounce Religion


You were on level 10 of the Dungeon.
You worshipped Qazlal.
Qazlal was pleased with you.
You were not hungry.

You visited 2 branches of the dungeon, and saw 11 of its levels.

You collected 534 gold pieces.

Inventory:

Hand Weapons
 d - a +0 hunting sling (weapon)
 y - a +1 vampiric hand axe
Missiles
 c - 138 stones (quivered)
 m - 2 throwing nets
Armour
 u - the +0 cloak of Democracy (worn) {rF+ Str-2 Stlth+}
   (You found it on level 7 of the Dungeon)

   It affects your strength (-2).
   It protects you from fire.
   It makes you more stealthy.
 A - a +1 pair of boots of stealth (worn)
Jewellery
 j - an uncursed ring of resist corrosion
 x - a +2 ring of intelligence (right hand)
 z - a cursed ring of teleportation (left hand)
 B - an amulet of the acrobat (around neck)
 E - a +3 amulet of reflection
Wands
 h - a wand of random effects (14)
 k - a wand of flame (33)
 n - a wand of enslavement (16)
 w - a wand of polymorph (16)
Scrolls
 a - 4 scrolls of remove curse {unknown}
 e - 3 scrolls of blinking {unknown}
 f - a scroll of immolation {unknown}
 i - a scroll of amnesia {unknown}
 l - a scroll of enchant weapon
 o - a scroll of enchant armour {unknown}
 v - a scroll of acquirement {unknown}
 C - a scroll of fog {unknown}
Potions
 p - 2 potions of agility
 q - 2 potions of resistance
 r - 4 potions of curing
 s - 2 potions of flight
 t - a potion of brilliance
 D - a potion of mutation {unknown}
Comestibles
 b - 9 rations


   Skills:
 + Level 8.1 Dodging
 - Level 1.7 Stealth
 - Level 2.0 Spellcasting
 - Level 4.0 Transmutations
 + Level 5.2 Fire Magic
 * Level 13.5 Poison Magic


You had one spell level left.
You knew the following spells:

 Your Spells              Type           Power        Failure   Level  Hunger
a - Sting                 Tmut/Pois      ####         1%          1    #......
b - Olgreb's Toxic Radia  Pois           ######..     1%          4    #####..
c - Mephitic Cloud        Conj/Pois/Air  ###.....     9%          3    ###....
d - Foxfire               Conj/Fire      ##..         6%          1    #......
e - Ignite Poison         Fire/Tmut/Pois ####....     2%          3    ###....

Your spell library contained the following spells:

 Spells                   Type           Power        Failure   Level  Hunger
 Poisonous Vapours        Pois/Air       ####..       1%          2    ###....
 Conjure Flame            Conj/Fire      ##......     19%         3    ###....
 Inner Flame              Hex/Fire       ##......     19%         3    ###....
 Sticky Flame             Conj/Fire      ##......     52%         4    #####..
 Fireball                 Conj/Fire      ##........   86%         5    ######.


Dungeon Overview and Level Annotations

Branches:
Dungeon (10/15)            Temple (1/1) D:4             Orc (0/2) D:10
   Lair: D:8-11

Altars:
Ashenzari
Cheibriados
Dithmenos
Elyvilon
Fedhas
Gozag
Hepliaklqana
Kikubaaqudgha
Makhleb
Nemelex Xobeh
Okawaru
Qazlal
Ru
Sif Muna
Trog
Uskayaw
Vehumet
Wu Jian
Xom
Yredelemnul
Zin
The Shining One

Shops:
D:8 %

Annotations:
D:3 Sigmund
D:7 2 runed translucent doors, floatRand's ghost, novice FoFi
D:10 Harold


Innate Abilities, Weirdness & Mutations

You can breathe blasts of noxious fumes.
Your lurid green scales are hard. (AC +7)
You cannot fit into any form of body armour.
Your system is resistant to poisons. (rPois)
You are cold-blooded and may be slowed by cold attacks.
You are dopey. (Int -2)


Message History

The orc warrior hits you with a +0 hand axe!
The crimson imp blinks!
Harold points at you and mumbles some strange words.
The mark upon you grows brighter. The kobold barely misses you.
The orc priest hits you but does no damage.
Unknown command.
You struggle against the net.
Your surroundings suddenly seem different.
Qazlal accepts your kill.
You feel a bit more experienced. The swamp drake bites you.
* * * LOW HITPOINT WARNING * * *
A kobold comes into view. It is wielding a +0 short sword.
An orc wizard comes into view. It is wielding a +0 dagger.
An ogre comes into view. It is wielding a +0 giant club.
The orc closely misses you.
A gargoyle comes into view. It is wielding a +0 morningstar.
The orc barely misses you. The swamp drake bites you!
* * * LOW HITPOINT WARNING * * *
The ogre hits you with a +0 giant club!
You die...

### ###################
.≈.. #.............(oo..
≈....#......%...§[..°(..
......k.o.!...).##.[@°K.
......o@O...oo%[.K.§[...
.#...)☼.....95K........!
#.....%.o....).K..!..).
#...>......K.K.........
#######################


You could see a swamp drake, a gargoyle, a big kobold, an ogre, an orc priest,
an orc wizard, a crimson imp, 3 orcs and 2 kobolds.

Vanquished Creatures
  A two-headed ogre (D:8)
  Maurice (D:9)
  A wyvern (D:8)
  A wraith (D:9)
  2 yaks (D:9)
  A human (D:9)
  Grum (D:10)
  3 hogs (D:9)
  A basilisk (D:9)
  2 orc warriors
  A phantom (D:6)
  An ice beast (D:9)
  A sky beast (D:8)
  An eye of draining (D:9)
  3 ogres
  4 wolves (D:10)
  A centaur (D:7)
  A big kobold (D:10)
  Blork the orc (D:6)
  2 bullfrogs
  4 scorpions
  5 killer bees (D:7)
  6 wights
  A vampire bat (D:7)
  6 crimson imps
  A bullfrog zombie (D:7)
  2 centaur zombies
  4 orc priests
  A jelly (D:6)
  6 orc wizards
  A centaur skeleton (D:6)
  An iguana (D:4)
  3 worker ants
  A killer bee zombie (D:5)
  6 gnolls
  A howler monkey skeleton (D:7)
  13 adders
  A shadow imp (D:10)
  3 worms (D:2)
  A dart slug (D:5)
  3 leopard geckos
  24 orcs
  A bat skeleton (D:7)
  5 bat zombies (D:7)
  5 giant cockroaches
  6 goblins
  8 hobgoblins
  4 jackals (D:2)
  7 kobolds
  A quokka (D:6)
  9 bats
  4 frilled lizards
  9 rats
  A foxfire (D:9)
184 creatures vanquished.

Vanquished Creatures (others)
  73 foxfires (D:9)
73 creatures vanquished.

Grand Total: 257 creatures vanquished

Notes
Turn   | Place    | Note
-------+----------+-------------------------------------------
     0 | D:1      | Lanoc the Draconian Venom Mage began the quest for the Orb.
     0 | D:1      | Reached XP level 1. HP: 14/14 MP: 3/3
   429 | D:1      | Reached XP level 2. HP: 20/20 MP: 5/5
   991 | D:2      | Reached XP level 3. HP: 17/26 MP: 2/6
  1396 | D:2      | Reached XP level 4. HP: 23/33 MP: 1/7
  1413 | D:2      | Learned a level 4 spell: Olgreb's Toxic Radiance
  1471 | D:2      | Found an opulent altar of Gozag.
  2254 | D:3      | Reached skill level 4 in Poison Magic
  2284 | D:3      | Reached XP level 5. HP: 21/38 MP: 0/8
  2376 | D:3      | Learned a level 3 spell: Mephitic Cloud
  2673 | D:3      | Noticed Sigmund
  2772 | D:4      | Noticed an ogre
  2794 | D:4      | Killed an ogre
  2794 | D:4      | Reached XP level 6. HP: 23/45 MP: 6/9
  3121 | D:4      | Found an ornate altar of the Wu Jian Council.
  3207 | D:4      | Found a staircase to the Ecumenical Temple.
  3216 | Temple   | Entered the Ecumenical Temple
  3623 | D:5      | Entered Level 5 of the Dungeon
  3720 | D:5      | Found a stormy altar of Qazlal.
  3725 | D:5      | Found a blossoming altar of Fedhas.
  3735 | D:5      | Became a worshipper of Qazlal Stormbringer
  3783 | D:4      | Reached skill level 5 in Poison Magic
  3900 | D:5      | Your scales start taking on a lurid green colour.
  3900 | D:5      | Reached skill level 6 in Poison Magic
  3900 | D:5      | Reached XP level 7. HP: 38/50 MP: 7/10
  3900 | D:5      | Gained mutation: Your system is resistant to poisons.
                  | (rPois) [Green Draconian growth]
  4607 | D:6      | Reached skill level 7 in Poison Magic
  4999 | D:6      | Reached skill level 5 in Dodging
  5372 | D:6      | Reached skill level 8 in Poison Magic
  5413 | D:6      | Noticed Blork the orc
  5430 | D:6      | Killed Blork the orc
  5430 | D:6      | Reached XP level 8. HP: 38/57 MP: 3/11
  5986 | D:7      | Reached skill level 9 in Poison Magic
  6026 | D:7      | Found a shattered altar of Ashenzari.
  6106 | D:7      | Found a faded altar of an unknown god.
  6106 | D:7      | Found a shadowy altar of Dithmenos.
  6111 | D:7      | Found a faded altar of an unknown god.
  6113 | D:7      | Found a hide-covered altar of Uskayaw.
  6115 | D:7      | Found a bloodstained altar of Trog.
  6209 | D:7      | Reached * piety under Qazlal
  6515 | D:7      | Reached skill level 10 in Poison Magic
  7048 | D:7      | Got a fine cloak
  7059 | D:7      | HP: 2/57 [wight/cursed +4 flail (1)]
  7077 | D:7      | Found a large runed translucent door.
  7121 | D:6      | Learned a level 1 spell: Foxfire
  7245 | D:7      | Found a large runed translucent door.
  7249 | D:7      | Noticed floatRand's ghost (novice FoFi)
  7325 | D:7      | Found an ancient bone altar of Kikubaaqudgha.
  7444 | D:8      | Noticed a two-headed ogre
  7460 | D:8      | Killed a two-headed ogre
  7460 | D:8      | Reached skill level 11 in Poison Magic
  7460 | D:8      | Reached XP level 9. HP: 62/62 MP: 2/12
  7485 | D:8      | Found Qoti Bos's Food Shoppe.
  7949 | D:8      | Got a polished long sword
  7950 | D:8      | Identified the +6 long sword "Murmur" {venom, *Contam rF+
                  | Dex+2} (You found it on level 8 of the Dungeon)
  7987 | D:8      | Reached skill level 12 in Poison Magic
  8003 | D:8      | Gained mutation: You are dopey. (Int -2) [mutagenic glow]
  8047 | D:8      | Identified the +0 cloak of Democracy {rF+ Str-2 Stlth+}
                  | (You found it on level 7 of the Dungeon)
  8791 | D:9      | Learned a level 3 spell: Ignite Poison
  8804 | D:9      | Noticed Maurice
  8822 | D:9      | Killed Maurice
  8822 | D:9      | Reached ** piety under Qazlal
  8918 | D:9      | Reached XP level 10. HP: 69/69 MP: 0/13
  9883 | D:9      | Reached skill level 13 in Poison Magic
 10115 | D:10     | Entered Level 10 of the Dungeon
 10122 | D:10     | Noticed Grum
 10160 | D:10     | Reached skill level 5 in Fire Magic
 10167 | D:10     | Killed Grum
 10377 | D:10     | Noticed Harold
 10385 | D:10     | Found a staircase to the Orcish Mines.
 10385 | D:10     | Noticed a gargoyle
 10385 | D:10     | Slain by an ogre

Levels and vault maps discovered:
D:1:      ncdulo_smallfort, layout_rooms
D:2:      layout_basic, st_stairs_1,
          nicolae_gozag_cash_rules_everything_around_me
D:3:      layout_basic, first_ration, uniq_sigmund, uniq_robin
D:4:      layout_loops_cross, old_standard_altar, minmay_temple_entry_fiery
D:5:      layout_loops_ring, grunt_temple_overflow_forces_of_nature
D:6:      layout_gridville, palyth_stone_intersect, uniq_blork_the_orc
D:7:      layout_gridville, kennysheep_vampire_church, kennysheep_mini_moat,
          chequers_temple_overflow_minitemple, ebering_ghost_disaster_area
D:8:      layout_basic, serial_shops, nicolae_shop_waterfront
D:9:      layout_cave_pods, grunt_livestock, kb_rosetta, uniq_maurice
D:10:     layout_loops_cross, erik_orc_1, serial_shops, shop_statue,
          uniq_joseph, uniq_harold, uniq_grum
Temple:   eino_narrow_crystal_temple

Skill      XL: |  1  2  3  4  5  6  7  8  9 10 |
---------------+-------------------------------+-----
Dodging        | 2 3 4 5 6 7 8 |  8.1
Transmutations | 2 3 4 |  4.0
Poison Magic   | 4 6 8 11 12 13 | 13.5
Fire Magic     | 2 4 5 |  5.2
Stealth        | |  1.7
Spellcasting   | |  2.0

Action                   |  1- 3 |  4- 6 |  7- 9 | 10-12 || total
-------------------------+-------+-------+-------+-------++-------
Melee: Unarmed           |     5 |       |       |       ||     5
       Hunting sling     |       |     1 |       |       ||     1
       Hand axe          |       |       |     9 |       ||     9
       Tailslap          |       |       |     1 |       ||     1
 Fire: Hunting sling     |    40 |   152 |   577 |   118 ||   887
Throw: Throwing net      |       |       |     2 |       ||     2
 Cast: Sting             |    29 |    68 |    44 |    35 ||   176
       Olgreb's Toxic Ra |       |       |    28 |     9 ||    37
       Mephitic Cloud    |       |       |     1 |       ||     1
       Foxfire           |       |       |       |    41 ||    41
 Abil: Breathe Noxious F |       |       |     7 |     3 ||    10
  Use: Potion            |     1 |     4 |     3 |       ||     8
       Scroll            |       |       |     8 |     1 ||     9
  Eat: Chunk             |     1 |    10 |     9 |     5 ||    25
       Ration            |       |       |     5 |     1 ||     6
Armor: Skin              |    15 |    33 |   199 |    43 ||   290
Dodge: Dodged            |    30 |    76 |   387 |   128 ||   621
Block: Other             |       |       |    24 |    14 ||    38

Table legend:
 A = Non-vault XP
 B = Vault XP
 C = Vault XP percentage of total XP
 D = Non-vault monster count
 E = Vault monster count
 F = Vault count percentage of total count
                 A         B        C        D         E       F
            +---------+---------+-------+---------+---------+-------
      Total |    5337 |    2963 |  35.7 |     151 |      32 |  17.5
            +---------+---------+-------+---------+---------+-------
        D:1 |      25 |       0 |   0.0 |      17 |       0 |   0.0
        D:2 |     127 |       2 |   1.6 |      31 |       1 |   3.1
        D:3 |     165 |       0 |   0.0 |      15 |       0 |   0.0
        D:4 |     250 |       0 |   0.0 |       7 |       0 |   0.0
        D:5 |     266 |       0 |   0.0 |      10 |       0 |   0.0
        D:6 |     717 |      90 |  11.2 |      19 |       1 |   5.0
        D:7 |    1026 |      67 |   6.1 |      24 |       7 |  22.6
        D:8 |    1875 |       0 |   0.0 |      10 |       0 |   0.0
        D:9 |     585 |    2078 |  78.0 |       9 |      10 |  52.6
       D:10 |     301 |     726 |  70.7 |       9 |      13 |  59.1
            +---------+---------+-------+---------+---------+-------
